 Dungeon Crawl Stone Soup version 0.30.1-11-g7821555f0a (webtiles) character file.

Game seed: 15617347320438278847

2314 jfcaron the Chopper (level 9, -1/66 HPs)
             Began as a Djinni Fighter on Dec 15, 2023.
             Was a Believer of Okawaru.
             Killed from afar by an acid dragon (24 damage)
             ... with a splash of acid
             ... on level 8 of the Dungeon on Dec 16, 2023.
             The game lasted 00:13:57 (6336 turns).

jfcaron the Chopper (Djinni Fighter)                Turns: 6336, Time: 00:13:58

Health: -1/66      AC:  7    Str: 19    XL:     9   Next: 68%
Gold:   295        EV: 11    Int: 10    God:    Okawaru [**....] SH: 10 Dex: 13

rFire   + + +        a - +0 war axe
rCold   x x .        c - +0 buckler
rNeg    . . .        e - +0 fire dragon scales
rPois   ∞            g - +0 helmet
rElec   .            (no cloak)
rCorr   .            (no gloves)
SInv    .            (boots unavailable)
Will    .....        G - amulet of reflection Stlth
                     (no ring)
HPRegen 0.31/turn    (no ring)
MPRegen 0.00/turn

%: reflection, infuse magic (-2 HP)
@: corroded, flying
A: sickness immunity, fire resistance 2, cold vulnerability 1, float, innate
caster, HP casting, extra vitality 1
a: Renounce Religion, Heroism


You were on level 8 of the Dungeon.
You worshipped Okawaru.
Okawaru was pleased with you.
You visited 2 branches of the dungeon, and saw 9 of its levels.

You collected 385 gold pieces.
You spent 90 gold pieces at shops.

Inventory:

Hand Weapons
 a - a +0 war axe (weapon)
Missiles
 l - 4 curare-tipped darts {!f}
 m - 50 stones
 n - 6 poisoned darts
 y - 11 boomerangs
 z - a throwing net {!f}
Armour
 b - a +0 scale mail
 c - a +0 buckler (worn)
 e - +0 fire dragon scales (worn)
 g - a +0 helmet (worn)
 q - a +1 leather armour of willpower
   (You took it off an orc on level 3 of the Dungeon)
 C - a +1 leather armour of cold resistance
   (You took it off an orc on level 6 of the Dungeon)
Jewellery
 G - an amulet of reflection (around neck)
   (You found it on level 7 of the Dungeon)
Wands
 o - a wand of flame (3)
Scrolls
 f - 4 scrolls of fog
 h - 6 scrolls of teleportation
 i - 6 scrolls of immolation {unknown}
 j - 5 scrolls of fear
 p - a scroll of torment {unknown}
 t - a scroll of vulnerability {unknown}
 u - a scroll of brand weapon {unknown}
 w - a scroll of poison {unknown}
 A - a scroll of blinking {unknown}
 I - a scroll of enchant weapon {unknown}
Potions
 d - 2 potions of might
 k - 2 potions of lignification
 r - 6 potions of curing
 s - a potion of heal wounds
 v - a potion of mutation {unknown}
 x - a potion of berserk rage {unknown}
 B - 2 potions of flight {unknown}
 D - a potion of attraction {unknown}
 E - a potion of brilliance
 F - a potion of degeneration {unknown}
 H - a potion of ambrosia {unknown}


   Skills:
 + Level 5.6 Fighting
 * Level 5.8 Axes
 + Level 5.6 Armour
 - Level 5.0 Dodging
 + Level 5.7 Shields
 - Level 0.2 Spellcasting
 + Level 3.2 Invocations


You knew the following spells:

 Your Spells              Type           Power      Damage    Failure   Level
a - Beastly Appendage     Tmut           0%         N/A       82%         1
b - Call Imp              Summ           0%         N/A       91%         2
c - Portal Projectile     Hex/Tloc       0%         N/A       99%         3
d - Ignite Poison         Fire/Tmut/Pois 0%         N/A       99%         3
Your spell library was empty.

Dungeon Overview and Level Annotations

Branches:
Dungeon (8/15)             Temple (1/1) D:4
   Lair: D:8-11

Altars:
Ashenzari
Cheibriados
Dithmenos
Elyvilon
Fedhas
Hepliaklqana
Makhleb
Nemelex Xobeh
Okawaru
Qazlal
Ru
Trog
Uskayaw
Yredelemnul
Zin
The Shining One
Lugonu

Shops:
D:3 (   D:6 :


Innate Abilities, Weirdness & Mutations

You are immune to sickness and miasma.
You are immune to poison.
Your flesh is very heat resistant. (rF++)
You are vulnerable to cold. (rC-)
You float through the air rather than walking.
You learn spells naturally, not from books.
Your magical power is your life essence.
You have superior vitality. (+4 MHP)


Message History

The ball of steam hits you. You resist.
You closely miss the steam dragon.
The steam dragon is severely wounded.
You block the steam dragon's attack.
The steam dragon claws you but does no damage.
You slash the steam dragon!
The steam dragon is almost dead.
The steam dragon barely misses you. You block the steam dragon's attack. x2
The steam dragon closely misses you.
You hit the steam dragon but do no damage.
The steam dragon is almost dead.
The steam dragon bites you but does no damage.
You block the steam dragon's attack.
You hit the steam dragon.
The steam dragon is almost dead.
The steam dragon breathes steam at you. The ball of steam misses you.
You hit the steam dragon.
You kill the steam dragon!
Okawaru accepts your kill.
Training target 5.0 for Dodging reached!
Your Dodging skill increases to level 5!
No target in view!
HP restored.
i - 6 scrolls labelled CAXTIU LUFEZEFUN (gained 1)
You see here a +0 falchion of freezing.
You now have 295 gold pieces (gained 7).
Found a stone staircase leading down.
r - 6 potions of curing (gained 1)
f - 4 scrolls of fog (gained 1)
An acid dragon comes into view.
The acid dragon roars!
The acid dragon spits acid at you. The splash of acid hits you!!
You hear a shout!
The acid dragon spits acid at you. The splash of acid hits you!!
The acid corrodes you! The acid dragon spits acid at you.
The splash of acid hits you!!
You die...

###..##.....).......#
...# ####..........# #
...# #..........##.#
.....#####.D.........>.#
....................#
................###.#
.###............## .#
...###..........# # ....
#....@.†...# ...
#........<.# ..
#....<.<..<#
#..........#
##........## ##......##
########


You could see an acid dragon (catching breath).

Vanquished Creatures
  Prince Ribbit (D:7)
  Grinder (D:6)
  Sigmund (D:3)
  Eustachio (D:6)
  A steam dragon (D:8)
  A water moccasin (D:8)
  An ice beast (D:7)
  A phantom (D:3)
  A hornet zombie (D:6)
  Blork the orc (D:6)
  2 bullfrogs
  4 wights (D:7)
  2 bullfrog zombies (D:6)
  A centaur zombie (D:6)
  2 jellies (D:6)
  A hound (D:6)
  An orc priest (D:7)
  5 iguanas
  Natasha (thrice) (D:3)
  3 orc wizards
  A killer bee zombie (D:6)
  A howler monkey zombie (D:6)
  8 adders
  3 gnolls (D:5)
  2 white imps (D:7)
  An ufetubus (D:5)
  A worm (D:3)
  A dart slug (D:2)
  23 orcs
  5 ball pythons
  6 endoplasms
  2 giant cockroaches
  4 goblins
  6 hobgoblins
  5 jackals
  5 quokkas
  6 bats
  8 kobolds
  5 rats
127 creatures vanquished.

Notes
Turn   | Place    | Note
-------+----------+-------------------------------------------
     0 | D:1      | jfcaron the Djinni Fighter began the quest for the Orb.
     0 | D:1      | Reached XP level 1. HP: 20/20 MP: 0/0
   138 | D:1      | Reached XP level 2. HP: 25/25 MP: 0/0
   683 | D:2      | Reached XP level 3. HP: 28/30 MP: 0/0
   683 | D:2      | Learned a level 1 spell: Beastly Appendage
   726 | D:2      | Reached skill level 1 in Dodging
  1306 | D:3      | Reached XP level 4. HP: 35/35 MP: 0/0
  1356 | D:3      | Noticed a bullfrog
  1422 | D:3      | Killed a bullfrog
  1423 | D:3      | Reached XP level 5. HP: 35/40 MP: 0/0
  1423 | D:3      | Learned a level 2 spell: Call Imp
  1495 | D:3      | Noticed a phantom
  1512 | D:3      | Killed a phantom
  1513 | D:3      | Reached XP level 6. HP: 32/47 MP: 0/0
  1660 | D:3      | Found Ekkumusor's Weapon Shop.
  1745 | D:3      | Found a faded altar of an unknown god.
  1823 | D:3      | Noticed Sigmund
  1829 | D:3      | Killed Sigmund
  1830 | D:3      | Reached XP level 7. HP: 52/52 MP: 0/0
  1830 | D:3      | Learned a level 3 spell: Portal Projectile
  1999 | D:3      | Noticed Natasha
  2004 | D:3      | Killed Natasha
  2033 | D:3      | Noticed Natasha
  2036 | D:3      | Killed Natasha
  2133 | D:3      | Noticed Natasha
  2138 | D:3      | Killed Natasha
  2224 | D:4      | Found a staircase to the Ecumenical Temple.
  2228 | Temple   | Entered the Ecumenical Temple
  2262 | Temple   | jfcaron: ??invo
  2262 | Temple   | beem: invocations[1/3]: Used by TSO, Beogh, Cheibriados,
                  | Dithmenos, Elyvilon, Fedhas, Hepliaklqana, Lugonu, Makhleb,
                  | Nemelex Xobeh, Okawaru, Qazlal, Sif Muna, Uskayaw,
                  | Yredelemnul, Zin. Not used by Ashenzari, Gozag, Ignis,
                  | Jiyva, Kikubaaqudgha, Ru, Trog, Vehumet, Wu Jian, Xom.
  2314 | D:4      | Found a stormy altar of Qazlal.
  2668 | D:4      | Found a blossoming altar of Fedhas.
  2671 | D:4      | Found a hide-covered altar of Uskayaw.
  2673 | D:4      | Found an iron altar of Okawaru.
  2676 | D:4      | Found a broken altar of Ashenzari.
  2676 | D:4      | Found a sacrificial altar of Ru.
  2682 | D:4      | Found a sparkling altar of Nemelex Xobeh.
  2691 | D:4      | Became a worshipper of Warmaster Okawaru
  2791 | D:5      | Entered Level 5 of the Dungeon
  2962 | D:5      | Found a glowing golden altar of the Shining One.
  3121 | D:5      | Reached XP level 8. HP: 51/58 MP: 0/0
  3577 | D:6      | Found Poybbat's Book Shop.
  3756 | D:6      | Reached skill level 1 in Invocations
  4031 | D:6      | Found Zin's Purification Station.
  4031 | D:6      | Found a glowing silver altar of Zin.
  4088 | D:6      | Noticed Grinder
  4101 | D:6      | Paralysed by Grinder for 2 turns
  4111 | D:6      | Killed Grinder
  4191 | D:6      | Noticed Blork the orc
  4202 | D:6      | Killed Blork the orc
  4202 | D:6      | Reached * piety under Okawaru
  4339 | D:6      | Reached skill level 5 in Fighting
  4351 | D:6      | Reached skill level 5 in Shields
  4369 | D:6      | Reached skill level 5 in Axes
  4369 | D:6      | Reached skill level 5 in Armour
  4369 | D:6      | Reached XP level 9. HP: 26/65 MP: 0/0
  4369 | D:6      | Learned a level 3 spell: Ignite Poison
  4512 | D:6      | Noticed Eustachio
  4539 | D:6      | Killed Eustachio
  4970 | D:6      | Bought a potion of curing for 90 gold pieces
  5019 | D:7      | Found a white marble altar of Elyvilon.
  5623 | D:7      | Reached ** piety under Okawaru
  5877 | D:7      | Noticed Prince Ribbit
  5892 | D:7      | Killed Prince Ribbit
  6224 | D:8      | Reached skill level 5 in Dodging
  6336 | D:8      | Killed from afar by an acid dragon

Illustrated notes

Levels and vault maps discovered:
D:1:      lemuel_arrival_funnel, layout_rooms, chequers_serial_rivers_large_b,
          st_stairs_4, feat_on_display
D:2:      layout_loops_ring
D:3:      layout_loops_ring, hellmonk_ecumenical_altar_inner_sanctum,
          serial_aquarium, aquarium_bridge_long_separate
          [aquarium_subvault_bridge, aquarium_subvault_balcony,
          aquarium_subvault_bridge, aquarium_subvault_wall,
          aquarium_subvault_wall, aquarium_subvault_bridge],
          aquarium_bridge_island_small [aquarium_subvault_small_open,
          aquarium_subvault_bridge, aquarium_subvault_wall,
          aquarium_subvault_wall, aquarium_subvault_bridge], aquarium_window_2,
          aquarium_window_2, aquarium_view_2f, aquarium_view_2c, serial_shops,
          nicolae_shop_rolling_square, uniq_sigmund, uniq_natasha
D:4:      layout_basic, nicolae_qazlal_scattered_showers, minitemple,
          minmay_temple_entry_steel_oval
D:5:      layout_basic, tso_oasis_becter, minmay_misc_feat_room
D:6:      layout_loops_corners, zin_purify, serial_shops, nicolae_stop_n_shop_1,
          serial_undead, serial_undead_b, serial_undead_e, serial_undead_f,
          serial_undead_b, supply_closet_lemuel, minmay_fountain_box,
          minmay_misc_feat_iff, hangedman_abyss_or_decor_stagger,
          uniq_eustachio, uniq_blork_the_orc, uniq_grinder
D:7:      layout_basic, elyvilon_altar_3, serial_bayou_pond_d,
          uniq_prince_ribbit1
D:8:      minmay_the_grid_octo_tiled_octocenter
          [minmay_the_grid_octo_thin_diamonds, minmay_the_grid_octo_concentric,
          minmay_the_grid_octo_teeth, minmay_the_grid_octo_77,
          minmay_the_grid_octo_prize_big_c,
          minmay_the_grid_square_5x5_tetrominoes,
          minmay_the_grid_square_5x5_fat_x, minmay_the_grid_square_5x5_moneybag,
          minmay_the_grid_square_5x5_two], layout_rooms,
          brannock_xom_greatest_gift, nicolae_wu_jian_wuxing_cycle
Temple:   corrupted_temple

Skill      XL: |  1  2  3  4  5  6  7  8  9 |
---------------+----------------------------+-----
Axes           | 2 3 4 5 |  5.8
Dodging        | 1 2 3 4 5 |  5.0
Fighting       | 4 5 |  5.6
Armour         | 4 5 |  5.6
Shields        | 4 5 |  5.7
Invocations    | 2 3 |  3.2
Spellcasting   | |  0.2

Action                     |  1- 3 |  4- 6 |  7- 9 || total
---------------------------+-------+-------+-------++-------
  Melee: War axe           |   107 |    80 |   310 ||   497
  Throw: Stone             |    18 |       |     1 ||    19
         Dart              |       |     4 |     9 ||    13
  Evoke: Wand              |       |     4 |    13 ||    17
    Use: Scroll            |       |       |     6 ||     6
 Armour: Fire dragon scale |    69 |    37 |   135 ||   241
         Scale mail        |     2 |       |       ||     2
  Dodge: Dodged            |    49 |    34 |   150 ||   233
  Block: Buckler           |    31 |    24 |   101 ||   156

Table legend: (Time is in decaauts)
 A = Elapsed time spent in this place.
 B = Non-inter-level travel time spent in this place.
 C = Inter-level travel time spent in this place.
 D = Time resting spent in this place.
 E = Time spent auto-exploring this place.
 F = Levels seen in this place.
 G = Mean time per level.
                   A        B        C        D        E       F      G
               +--------+--------+--------+--------+--------+-----+--------+
         Total |   6512 |   6169 |    343 |    335 |   4577 |   9 |  723.6 |
       Dungeon |   6462 |   6131 |    331 |    335 |   4551 |   8 |  807.8 |
        Temple |     49 |     37 |     12 |      0 |     26 |   1 |   49.0 |
               +--------+--------+--------+--------+--------+-----+--------+

Top non-repeatable levels by time:
     D:6: 1462 daAuts
     D:7: 1196 daAuts
     D:3: 993 daAuts
     D:2: 790 daAuts
     D:5: 729 daAuts
     D:4: 608 daAuts
     D:1: 518 daAuts
     D:8: 162 daAuts
  Temple: 49 daAuts

Table legend:
 A = Kills in this place as a percentage of kills in the entire game.
 B = Kills by you in this place as a percentage of kills by you in the entire game.
 C = Kills by friends in this place as a percentage of kills by friends in the entire game.
 D = Other kills in this place as a percentage of other kills in the entire game.
 E = Experience gained in this place as a percentage of experience gained in the entire game.
 F = Experience gained in this place divided by the number of levels of this place that you have seen.
                   A       B       C       D       E      F
               +-------+-------+-------+-------+-------+----------------------
         Total | 100.0 | 100.0 |   N/A |   N/A | 100.0 | 367.3
       Dungeon | 100.0 | 100.0 |   N/A |   N/A | 100.0 | 413.2
               +-------+-------+-------+-------+-------+----------------------

Levels and vault maps discovered:
D:1:      lemuel_arrival_funnel, layout_rooms, chequers_serial_rivers_large_b,
          st_stairs_4, feat_on_display
D:2:      layout_loops_ring
D:3:      layout_loops_ring, hellmonk_ecumenical_altar_inner_sanctum,
          serial_aquarium, aquarium_bridge_long_separate
          [aquarium_subvault_bridge, aquarium_subvault_balcony,
          aquarium_subvault_bridge, aquarium_subvault_wall,
          aquarium_subvault_wall, aquarium_subvault_bridge],
          aquarium_bridge_island_small [aquarium_subvault_small_open,
          aquarium_subvault_bridge, aquarium_subvault_wall,
          aquarium_subvault_wall, aquarium_subvault_bridge], aquarium_window_2,
          aquarium_window_2, aquarium_view_2f, aquarium_view_2c, serial_shops,
          nicolae_shop_rolling_square, uniq_sigmund, uniq_natasha
D:4:      layout_basic, nicolae_qazlal_scattered_showers, minitemple,
          minmay_temple_entry_steel_oval
D:5:      layout_basic, tso_oasis_becter, minmay_misc_feat_room
D:6:      layout_loops_corners, zin_purify, serial_shops, nicolae_stop_n_shop_1,
          serial_undead, serial_undead_b, serial_undead_e, serial_undead_f,
          serial_undead_b, supply_closet_lemuel, minmay_fountain_box,
          minmay_misc_feat_iff, hangedman_abyss_or_decor_stagger,
          uniq_eustachio, uniq_blork_the_orc, uniq_grinder
D:7:      layout_basic, elyvilon_altar_3, serial_bayou_pond_d,
          uniq_prince_ribbit1
D:8:      minmay_the_grid_octo_tiled_octocenter
          [minmay_the_grid_octo_thin_diamonds, minmay_the_grid_octo_concentric,
          minmay_the_grid_octo_teeth, minmay_the_grid_octo_77,
          minmay_the_grid_octo_prize_big_c,
          minmay_the_grid_square_5x5_tetrominoes,
          minmay_the_grid_square_5x5_fat_x, minmay_the_grid_square_5x5_moneybag,
          minmay_the_grid_square_5x5_two], layout_rooms,
          brannock_xom_greatest_gift, nicolae_wu_jian_wuxing_cycle
Temple:   corrupted_temple
